 Dungeon Crawl Stone Soup version 0.28.0-45-g0d030f2227 (webtiles) character file.

Game seed: 2748707014481758391

6150 Peloso the Carver (level 10, 91/91 HPs)
             Began as a Minotaur Fighter on Apr 9, 2022.
             Was a Believer of Okawaru.
             Got out of the dungeon alive.
             The game lasted 00:23:25 (11174 turns).

Peloso the Carver (Minotaur Fighter)               Turns: 11174, Time: 00:23:25

Health: 91/91      AC: 15    Str: 29    XL:     10   Next: 59%
Magic:  11/11      EV:  8    Int:  5    God:    Okawaru [**....]
Gold:   536        SH: 11    Dex: 12    Spells: 9/9 levels left

rFire   . . .      SeeInvis .   a - +3 long sword
rCold   . . .      Faith    .   c - +0 buckler
rNeg    . . .      Spirit   .   z - +1 plate armour
rPois   .          Reflect  +   l - +2 hat
rElec   +          Harm     .   (no cloak)
rCorr   .          Rampage  .   J - +0 pair of gloves "Akyepac" {-Cast rElec Will+}
Will    +....      NoCast   +   n - +0 pair of boots
Stlth   ..........              G - amulet of reflection
HPRegen 0.25/turn               E - +6 ring of strength
MPRegen 0.12/turn               (no ring)

@: studying Long Blades
A: horns 2, retaliatory headbutt, deformed body, high MP 2
a: Renounce Religion, Heroism


You escaped.
You worshipped Okawaru.
Okawaru was pleased with you.
You visited 2 branches of the dungeon, and saw 10 of its levels.
You also visited: Bailey.

You collected 536 gold pieces.

Inventory:

Hand Weapons
 a - a +3 long sword (weapon)
 b - a +0 whip of flaming
Missiles
 x - 2 throwing nets (quivered)
Armour
 c - a +0 buckler (worn)
 l - a +2 hat (worn)
 n - a +0 pair of boots (worn)
 q - a +0 pair of gloves
 z - a +1 plate armour (worn)
 J - the +0 pair of gloves "Akyepac" (worn) {-Cast rElec Will+}
   (You found it on level 8 of the Dungeon)

   rElec:     It insulates you from electricity.
   -Cast:     It prevents spellcasting.
   Will:      It increases your willpower.
Jewellery
 m - a ring of positive energy
 o - an amulet of guardian spirit
 t - a ring of wizardry
 A - a ring of ice
 E - a +6 ring of strength (left hand)
 G - an amulet of reflection (around neck)
 K - a ring of see invisible
Wands
 C - a wand of digging (5)
 H - a wand of mindburst (15)
 I - a wand of flame (12)
Scrolls
 e - 3 scrolls of teleportation
 i - 2 scrolls of enchant armour
 j - 2 scrolls of enchant weapon
 k - 3 scrolls of magic mapping
 r - a scroll of vulnerability {unknown}
 s - a scroll of holy word {unknown}
 u - a scroll of immolation {unknown}
 y - 3 scrolls of noise
 B - a scroll of fog {unknown}
 D - a scroll of amnesia {unknown}
 L - a scroll of identify
 N - a scroll of blinking {unknown}
Potions
 d - 2 potions of might
 f - 5 potions of curing
 g - a potion of berserk rage
 h - a potion of haste
 p - 2 potions of heal wounds {unknown}
 v - 2 potions of brilliance {unknown}
 w - a potion of resistance {unknown}
 F - a potion of ambrosia {unknown}
 M - a potion of cancellation {unknown}


   Skills:
 + Level 9.0 Fighting
 + Level 12.8 Long Blades
 + Level 10.2 Armour
 + Level 2.9 Dodging
 + Level 1.0 Stealth
 + Level 7.9 Shields
 + Level 1.0 Invocations


You had 9 spell levels left.
You didn't know any spells.
Your spell library contained the following spells:

 Spells                   Type           Power      Damage    Failure   Level
 Magic Dart               Conj           0%         1d3       99%         1
 Dazzling Flash           Conj/Hex       0%         N/A       100%        3
 Mephitic Cloud           Conj/Pois/Air  0%         N/A       100%        3
 Portal Projectile        Hex/Tloc       0%         N/A       100%        3
 Stone Arrow              Conj/Erth      0%         3d7       100%        3
 Iskenderun's Mystic Bla  Conj/Tloc      0%         2d3       100%        4
 Petrify                  Tmut/Erth      0%         N/A       100%        4
 Blade Hands              Tmut           0%         N/A       100%        5
 Excruciating Wounds      Necr           0%         N/A       100%        5
 Metabolic Englaciation   Hex/Ice        0%         N/A       100%        5
 Starburst                Conj/Fire      0%         6d3       100%        6
 Statue Form              Tmut/Erth      0%         N/A       100%        6
 Lehudib's Crystal Spear  Conj/Erth      0%         10d2      100%        8
 Call Imp                 Summ           Unusable   N/A       N/A         2
 Animate Armour           Summ/Erth      Unusable   N/A       N/A         4

Dungeon Overview and Level Annotations

Branches:
Dungeon (9/15)             Temple (1/1) D:7          Bailey (visited)
   Lair: D:8-11         Orc: D:9-12

Altars:
Ashenzari
Cheibriados
Elyvilon
Fedhas
Gozag
Hepliaklqana
Makhleb
Nemelex Xobeh
Okawaru
Qazlal
Sif Muna
Trog
Uskayaw
Wu Jian
Xom
Yredelemnul
Zin

Shops:
D:7 **


Innate Abilities, Weirdness & Mutations

You have a pair of horns on your head.
You reflexively headbutt those who attack you in melee.
Armour fits poorly on your strangely shaped body.
You have a considerably increased reservoir of magic. (+20% MP)


Message History

(D) Dungeon (T) Temple
Where to? (Enter - D:12, ? - help)
What level of the Dungeon? (default 1, ? - help)
Things that are here:
5 poisoned darts; a +0 dagger; a killer bee corpse You see here a +0 club.
Things that are here:
a +2 flail of holy wrath; a stone; a kobold corpse
Things that are here:
5 poisoned darts; a +0 short sword The sentinel's mark upon you fades away.
There is a stone staircase leading up here.
You climb upwards.
There is a stone staircase leading down here.
There is a stone staircase leading up here.
You climb upwards.
There is a stone staircase leading down here.
There is a stone staircase leading up here.
You climb upwards.
There is a stone staircase leading down here.
There is a stone staircase leading up here.
You climb upwards.
There is a stone staircase leading down here.
HP restored.
There is a stone staircase leading up here.
You climb upwards.
There is a stone staircase leading down here.
There is an open door here.
There is a stone staircase leading up here.
You climb upwards.
There is a stone staircase leading down here.
There is a stone staircase leading up here.
You climb upwards.
There is a stone staircase leading down here.
There is a stone staircase leading up here.
You climb upwards.
There is a stone staircase leading down here.
There is a staircase leading out of the dungeon here.
Are you sure you want to leave the Dungeon?
This will make you lose the game!
You have escaped!

.## #.# #.##........# ..# #.#
###.........## #.#
#.#####.....#...... #.########
#...##.....##...... .........#
#####.....##....... #.#####..#
##.....#####...## #.###
#.#########.....## #...# #...#
#.......)...>..## ##.## ###.#
#.........@...## #.#
#.###...........8..## #.#
#..############.....## #.# ##.#
#.# ##.....## #.# ####.# #.#
##.....#####.# .....# #.#
##.....##...### ###..###.##
####.....#.#.... #
#.).....########..##......#.###
###..................##.....#....


There were no monsters in sight!

Vanquished Creatures
  Harold (D:9)
  Pikel (D:7)
  An orc knight (Bailey)
  Psyche (D:8)
  Prince Ribbit (D:8)
  Sigmund (D:4)
  2 steam dragons
  An acid dragon (D:9)
  Duvessa (D:7)
  4 ice beasts
  2 orc warriors (Bailey)
  A black bear (D:7)
  A necrophage (D:5)
  2 ogres
  3 centaurs
  4 lemures (D:6)
  A phantom (D:6)
  7 kobold brigands
  A bullfrog (D:8)
  A scorpion (D:7)
  A water moccasin zombie (D:5)
  Dowan (D:7)
  12 killer bees
  8 wights
  A howler monkey (D:8)
  A bullfrog zombie (D:7)
  A centaur zombie (D:9)
  2 jellies
  5 hounds
  3 centaur skeletons
  4 iguanas
  3 orc wizards (D:7)
  6 gnolls
  10 adders
  2 shadow imps
  2 ufetubi
  3 worms
  20 orcs
  6 ball pythons
  6 endoplasms
  4 giant cockroaches
  10 goblins
  14 hobgoblins
  5 jackals
  22 kobolds
  5 quokkas
  7 bats
  2 frilled lizards (D:2)
  4 rats
207 creatures vanquished.

Vanquished Creatures (others)
  A fungus (D:1)
  A plant (D:1)
2 creatures vanquished.

Grand Total: 209 creatures vanquished

Notes
Turn   | Place    | Note
-------+----------+-------------------------------------------
     0 | D:1      | Peloso the Minotaur Fighter began the quest for the Orb.
     0 | D:1      | Reached XP level 1. HP: 19/19 MP: 0/0
   152 | D:1      | Reached XP level 2. HP: 27/27 MP: 1/1
   243 | D:1      | Found a faded altar of an unknown god.
   605 | D:1      | Reached XP level 3. HP: 33/33 MP: 2/2
  1159 | D:2      | Reached skill level 3 in Long Blades
  1272 | D:2      | Found a broken altar of Ashenzari.
  1452 | D:2      | Reached XP level 4. HP: 35/41 MP: 3/3
  2798 | D:4      | Reached skill level 4 in Long Blades
  2798 | D:4      | Reached XP level 5. HP: 40/47 MP: 4/4
  3022 | D:4      | Found a stormy altar of Qazlal.
  3024 | D:4      | Found a basalt altar of Yredelemnul.
  3025 | D:4      | Found a shimmering blue altar of Sif Muna.
  3048 | D:4      | Found a shimmering altar of Xom.
  3117 | D:4      | Reached skill level 5 in Armour
  3154 | D:4      | Noticed Sigmund
  3163 | D:4      | Killed Sigmund
  3164 | D:4      | Reached skill level 5 in Fighting
  3164 | D:4      | Reached skill level 5 in Long Blades
  3164 | D:4      | Reached skill level 1 in Dodging
  3164 | D:4      | Reached XP level 6. HP: 50/56 MP: 5/5
  3629 | D:4      | Found a bloodstained altar of Trog.
  4253 | D:5      | Entered Level 5 of the Dungeon
  4261 | D:5      | Reached XP level 7. HP: 61/61 MP: 6/6
  4395 | D:4      | Reached skill level 6 in Long Blades
  5259 | D:5      | Noticed a steam dragon
  5277 | D:5      | Killed a steam dragon
  5278 | D:5      | Reached skill level 7 in Long Blades
  5278 | D:5      | Reached XP level 8. HP: 52/70 MP: 7/7
  5361 | D:5      | Found a broken altar of Ashenzari.
  5510 | D:6      | Reached skill level 5 in Shields
  6719 | D:7      | Found Guef's Assorted Antiques.
  6727 | D:7      | Reached skill level 8 in Long Blades
  7157 | D:7      | Noticed Pikel
  7355 | D:7      | Killed Pikel
  7356 | D:7      | Reached skill level 9 in Long Blades
  7356 | D:7      | Reached XP level 9. HP: 59/79 MP: 8/8
  7819 | D:7      | Noticed Dowan
  7820 | D:7      | Noticed Duvessa
  7841 | D:7      | Killed Duvessa
  7849 | D:7      | Killed Dowan
  7873 | D:7      | Found Wus Zurch's Assorted Antiques.
  8105 | D:7      | Found a staircase to the Ecumenical Temple.
  8121 | Temple   | Entered the Ecumenical Temple
  8141 | Temple   | Became a worshipper of Warmaster Okawaru
  8721 | D:6      | Reached skill level 10 in Long Blades
  8792 | D:8      | Noticed Prince Ribbit
  8807 | D:8      | Killed Prince Ribbit
  8808 | D:8      | Reached skill level 1 in Stealth
  8845 | D:8      | Identified the +0 pair of gloves "Akyepac" {-Cast rElec
                  | Will+}
  8895 | D:8      | Reached * piety under Okawaru
  8960 | D:8      | Found a flagged portal.
  8994 | D:8      | Noticed Psyche
  9000 | Bailey   | Entered a bailey
  9244 | Bailey   | Noticed an orc knight
  9278 | Bailey   | Killed an orc knight
  9279 | Bailey   | Reached skill level 11 in Long Blades
  9279 | Bailey   | Reached XP level 10. HP: 24/88 MP: 7/9
  9281 | Bailey   | Gained mutation: You have supernaturally acute eyesight.
                  | (SInv) [potion of mutation]
  9281 | Bailey   | Gained mutation: You are frail. (-10% HP) [potion of
                  | mutation]
  9281 | Bailey   | Gained mutation: You have an increased reservoir of magic.
                  | (+10% MP) [potion of mutation]
  9281 | Bailey   | Gained mutation: Your movements are slightly less
                  | encumbered by armour. (ER -2) [potion of mutation]
  9620 | Bailey   | Found an iron altar of Okawaru.
  9685 | D:8      | Killed Psyche
  9685 | D:8      | Reached ** piety under Okawaru
 10371 | D:8      | Found a sparkling altar of Nemelex Xobeh.
 10371 | D:8      | Found an opulent altar of Gozag.
 10549 | D:8      | Lost mutation: You are frail. (-10% HP) [potion of
                  | mutation]
 10549 | D:8      | Lost mutation: You have an increased reservoir of magic.
                  | (+10% MP) [potion of mutation]
 10549 | D:8      | Gained mutation: Your flesh is heat resistant. (rF+)
                  | [potion of mutation]
 10549 | D:8      | Gained mutation: You sometimes lose the ability to read
                  | scrolls when taking damage. [potion of mutation]
 10549 | D:8      | Gained mutation: You have an increased reservoir of magic.
                  | (+10% MP) [potion of mutation]
 10549 | D:8      | Gained mutation: You are partially covered in iridescent
                  | scales. (AC +2) [potion of mutation]
 10550 | D:8      | Lost mutation: Your movements are slightly less encumbered
                  | by armour. (ER -2) [potion of mutation]
 10550 | D:8      | Lost mutation: You sometimes lose the ability to read
                  | scrolls when taking damage. [potion of mutation]
 10550 | D:8      | Lost mutation: You have supernaturally acute eyesight.
                  | (SInv) [potion of mutation]
 10550 | D:8      | Gained mutation: Armour fits poorly on your strangely
                  | shaped body. [potion of mutation]
 10550 | D:8      | Gained mutation: You expend magic power (3 MP) to
                  | strengthen your wands. [potion of mutation]
 10551 | D:8      | Lost mutation: You are partially covered in iridescent
                  | scales. (AC +2) [potion of mutation]
 10551 | D:8      | Lost mutation: You expend magic power (3 MP) to strengthen
                  | your wands. [potion of mutation]
 10551 | D:8      | Lost mutation: Your flesh is heat resistant. (rF+) [potion
                  | of mutation]
 10551 | D:8      | Gained mutation: You have a considerably increased
                  | reservoir of magic. (+20% MP) [potion of mutation]
 10978 | D:9      | Noticed Harold
 10981 | D:9      | Reached skill level 10 in Armour
 10992 | D:9      | Killed Harold
 10993 | D:9      | Reached skill level 12 in Long Blades
 10993 | D:9      | Reached skill level 1 in Invocations
 11174 | D:$      | Got out of the dungeon alive.

Illustrated notes

Levels and vault maps discovered:
D:1:      psy_arrival_spokes, layout_loops_ring,
          dreamdust_ecumenical_altar_grove
D:2:      layout_loops_ring, basic_altar, nicolae_concentric_dashed_squares_mild
D:3:      layout_basic
D:4:      layout_loops_corners, trog_hazing_becter,
          nicolae_overflow_quartered_altars, uniq_sigmund
D:5:      layout_cave_pools, old_standard_altar, minmay_diced_spiral
D:6:      layout_cave_pools, nicolae_fountain_basement
D:7:      layout_basic, minmay_temple_entry_stoned_glass, serial_shops,
          nicolae_stop_n_shop_1, nicolae_take_the_stairs, uniq_duvessa,
          uniq_pikel
D:8:      layout_basic, grunt_temple_overflow_opulence, enter_bailey_3,
          patterned_corridor, uniq_prince_ribbit1, uniq_psyche
D:9:      layout_rooms, dpeg_oklobed_lair, kennysheep_generic_room_4,
          uniq_harold
Temple:   eino_narrow_crystal_temple

Skill      XL: |  1  2  3  4  5  6  7  8  9 10 |
---------------+-------------------------------+-----
Fighting       | 4 5 6 7 8 9 |  9.0
Armour         | 4 5 7 8 9 10 | 10.2
Shields        | 4 6 7 |  7.9
Long Blades    | 3 4 5 7 9 11 12 | 12.8
Dodging        | 1 2 |  2.9
Stealth        | 1 |  1.0
Invocations    | 1 |  1.0

Action                   |  1- 3 |  4- 6 |  7- 9 | 10-12 || total
-------------------------+-------+-------+-------+-------++-------
Melee: Long sword        |    92 |   132 |   140 |    48 ||   412
       Headbutt          |     8 |    21 |    77 |    18 ||   124
       Falchion          |       |       |   232 |    45 ||   277
Invok: Heroism           |       |       |     4 |     1 ||     5
  Use: Scroll            |       |       |    10 |     1 ||    11
       Potion            |       |       |       |     7 ||     7
Armor: Scale mail        |    56 |    58 |    29 |       ||   143
       Plate armour      |       |       |   150 |    21 ||   171
Dodge: Dodged            |    59 |    62 |   118 |    21 ||   260
Block: Buckler           |    31 |    35 |   129 |    41 ||   236
       Reflection        |       |       |    10 |     5 ||    15
